 Dungeon Sprint DCSS version 0.31-a0-370-g25055926c8 (webtiles) character file.

Game seed: 8912386330386292314

724 Conn the Arsonist (level 7, -7/43 HPs)
             Began as an Octopode Fire Elementalist on July 29, 2023.
             Was a Believer of Sif Muna.
             Killed from afar by a burning bush (14 damage)
             ... with a puff of flame
             ... in the Dungeon (Sprint IV: "Fedhas' Mad Dash").
             The game lasted 00:04:36 (1283 turns).

Conn the Arsonist (Octopode Fire Elementalist)      Turns: 1283, Time: 00:04:37

Health: -7/43      AC:  1    Str:  8    XL:     7   Next: 71%
Magic:  0/19       EV: 14    Int: 19    God:    Sif Muna [**....]
Gold:   90         SH:  0    Dex: 12    Spells: 14/24 levels left

rFire   . . .        (no weapon)
rCold   . . .        (no shield)
rNeg    . . .        (helmet restricted)
rPois   .            e - amulet of invisibility {+Inv}
rElec   .            (no ring)
rCorr   .            (no ring)
SInv    .            (no ring)
Will    .....        (no ring)
Stlth   ++++         (no ring)
HPRegen 0.27/turn    (no ring)
MPRegen 0.16/turn    (no ring)
                     (no ring)

%: no teleportation
@: no status effects
A: almost no armour, amphibious, 8 rings, camouflage 1, gelatinous body 1,
(nimble swimmer 1), tentacles
a: Renounce Religion, Evoke Invisibility, Channel Magic


You were in the Dungeon.
You worshipped Sif Muna.
Sif Muna was pleased with you.
You visited 1 branch You collected 90 gold pieces.

Inventory:

Jewellery
 e - the amulet of invisibility (around mantle) {+Inv}
   (You found it in the Dungeon)

   [amulet of nothing]

   +Inv:      It lets you turn invisible.
Wands
 g - a wand of flame (30)
Scrolls
 f - a scroll of blinking
Potions
 a - 3 potions of magic
 b - a potion of curing
 c - a potion of heal wounds
 d - a potion of haste


   Skills:
 + Level 1.1 Fighting
 + Level 4.4 Dodging
 + Level 5.1 Stealth
 - Level 0.9 Unarmed Combat
 * Level 9.0 Spellcasting
 * Level 5.8 Conjurations
 + Level 2.1 Hexes
 + Level 9.7 Fire Magic
 + Level 5.0 Evocations


You had 14 spell levels left.
You knew the following spells:

 Your Spells              Type           Power      Damage    Failure   Level
a - Foxfire               Conj/Fire      100%       2x1d9     1%          1
b - Scorch                Fire           90%        2d8       1%          2
c - Inner Flame           Hex/Fire       31%        N/A       2%          3
d - Flame Wave            Conj/Fire      38%        2d10      3%          4

Your spell library contained the following spells:

 Spells                   Type           Power      Damage    Failure   Level
 Volatile Blastmotes      Fire/Tloc      54%        2d14      3%          3


Dungeon Overview and Level Annotations

Branches:
Dungeon (1/1)

Altars:
Cheibriados
Dithmenos
Elyvilon
Gozag
Hepliaklqana
Kikubaaqudgha
Makhleb
Nemelex Xobeh
Okawaru
Qazlal
Ru
Sif Muna
Trog
Uskayaw
Vehumet
Wu Jian
Xom
Yredelemnul
Zin
The Shining One
Jiyva
Lugonu

Shops:
D [(


Innate Abilities, Weirdness & Mutations

You cannot wear most types of armour.
You are amphibious.
You can wear up to eight rings at the same time.
Your skin changes colour to match your surroundings (Stealth+).
Your rubbery body absorbs attacks. (AC +1, EV +1)
((You are camouflaged when in or above water. (Stealth+)))
You have tentacles for arms and can constrict up to eight enemies at once.


Message History

Confirm with . or Enter, or press ? or * to list all spells.
Flames lash the burning bush.
The burning bush is heavily damaged.
Unknown command.
Casting: Scorch (safe; 1% risk of failure)
Confirm with . or Enter, or press ? or * to list all spells.
Flames lash the burning bush.
The burning bush is severely damaged.
Unknown command.
Unknown command.
Casting: Scorch (safe; 1% risk of failure)
Confirm with . or Enter, or press ? or * to list all spells.
Flames lash the burning bush.
The burning bush is severely damaged.
The burning bush throws fire at you. The puff of flame hits you!
Unknown command.
Casting: Scorch (safe; 1% risk of failure)
Confirm with . or Enter, or press ? or * to list all spells.
Flames lash the burning bush but do no damage.
Unknown command.
Casting: Scorch (safe; 1% risk of failure)
Confirm with . or Enter, or press ? or * to list all spells.
Flames lash the burning bush.
The burning bush is severely damaged.
The burning bush throws fire at you. The puff of flame hits you!
Casting: Scorch (safe; 1% risk of failure)
Confirm with . or Enter, or press ? or * to list all spells.
Flames lash the burning bush.
The burning bush is almost destroyed.
The burning bush throws fire at you. The puff of flame hits you!
* * * LOW HITPOINT WARNING * * *
Unknown command.
Unknown command.
Okay, then.
The burning bush throws fire at you. The puff of flame hits you!
You die...

################# ####
._._._.⌠.#.['[..# ...#
_._._._..'..#)..# ..P+
._._._...#..###'##.)?#
_._._._..#..##∩∩@'...#
._._._.⌠.#############
##########


You could see a burning bush (combustible).

Vanquished Creatures
  2 wandering mushrooms (D)
  3 scorpions (D)
  3 oklob saplings (D)
  2 spriggans (D)
  A river rat (D)
  A rat (D)
12 creatures vanquished.

Vanquished Creatures (collateral kills)
  A foxfire (D)
1 creature vanquished.

Vanquished Creatures (others)
  25 foxfires (D)
25 creatures vanquished.

Grand Total: 38 creatures vanquished

Notes
Turn   | Place    | Note
-------+----------+-------------------------------------------
     0 | D        | Conn the Octopode Fire Elementalist began the quest for the
                  | Orb.
     0 | D        | Reached XP level 1. HP: 11/11 MP: 3/3
    13 | D        | Reached XP level 2. HP: 17/17 MP: 0/5
    58 | D        | Noticed an oklob sapling
    58 | D        | Noticed a scorpion
    66 | D        | Killed a scorpion
    67 | D        | Reached XP level 3. HP: 6/21 MP: 2/8
    67 | D        | Reached XP level 4. HP: 8/27 MP: 2/9
    73 | D        | HP: 1/27 [poisoned by a scorpion]
   186 | D        | Learned a level 2 spell: Scorch
   190 | D        | Learned a level 3 spell: Inner Flame
   195 | D        | Learned a level 4 spell: Flame Wave
   311 | D        | Found the amulet of invisibility {+Inv}
   330 | D        | Found an opulent altar of Gozag.
   330 | D        | Found a hazy altar of Hepliaklqana.
   330 | D        | Found a burning altar of Makhleb.
   330 | D        | Found a sparkling altar of Nemelex Xobeh.
   330 | D        | Found a snail-covered altar of Cheibriados.
   330 | D        | Found a sacrificial altar of Ru.
   330 | D        | Found a shimmering blue altar of Sif Muna.
   330 | D        | Found a shimmering altar of Xom.
   330 | D        | Found a basalt altar of Yredelemnul.
   337 | D        | Found a viscous altar of Jiyva.
   337 | D        | Found a bloodstained altar of Trog.
   337 | D        | Found an ornate altar of the Wu Jian Council.
   337 | D        | Noticed an oklob sapling priest
   338 | D        | Found an iron altar of Okawaru.
   338 | D        | Found a shadowy altar of Dithmenos.
   338 | D        | Found a glowing silver altar of Zin.
   341 | D        | Found an ancient bone altar of Kikubaaqudgha.
   341 | D        | Found a hide-covered altar of Uskayaw.
   345 | D        | Killed an oklob sapling priest
   346 | D        | Reached XP level 5. HP: 31/31 MP: 0/12
   346 | D        | Found a stormy altar of Qazlal.
   346 | D        | Found a white marble altar of Elyvilon.
   346 | D        | Found a glowing golden altar of the Shining One.
   347 | D        | Found a radiant altar of Vehumet.
   347 | D        | Found a corrupted altar of Lugonu.
   349 | D        | Became a worshipper of Sif Muna the Loreminder
   440 | D        | Reached skill level 5 in Spellcasting
   440 | D        | Reached skill level 1 in Evocations
   505 | D        | Reached * piety under Sif Muna
   508 | D        | Reached skill level 5 in Stealth
   508 | D        | Reached skill level 1 in Hexes
   508 | D        | Reached XP level 6. HP: 19/37 MP: 0/15
   615 | D        | Found Ciurer's Antique Weapon Shop.
   615 | D        | Found Wuuschua's Armour Emporium.
   628 | D        | Noticed a burning bush
   628 | D        | Noticed a wandering mushroom
   630 | D        | Noticed a wandering mushroom
   716 | D        | Killed a wandering mushroom
   716 | D        | Reached ** piety under Sif Muna
   717 | D        | Reached skill level 1 in Fighting
   717 | D        | Reached skill level 5 in Conjurations
   717 | D        | Reached XP level 7. HP: 29/43 MP: 2/18
   826 | D        | Killed a wandering mushroom
   827 | D        | Reached skill level 5 in Evocations
  1283 | D        | Killed from afar by a burning bush

Illustrated notes

Levels and vault maps discovered:
D:        dungeon_sprint_fedhas [sprint_temple]

Skill      XL: |  1  2  3  4  5  6  7 |
---------------+----------------------+-----
Stealth        | 3 4 5 |  5.1
Fire Magic     | 4 6 7 8 9 |  9.7
Dodging        | 3 4 |  4.4
Spellcasting   | 3 4 6 8 9 |  9.0
Conjurations   | 2 4 5 |  5.8
Evocations     | 2 4 5 |  5.0
Hexes          | 1 2 |  2.1
Fighting       | 1 |  1.1
Unarmed Combat | |  0.9

Action                     |  1- 3 |  4- 6 |  7- 9 || total
---------------------------+-------+-------+-------++-------
  Melee: Unarmed           |    10 |     1 |       ||    11
         Constrict         |     3 |       |       ||     3
         Tentacles         |     2 |       |       ||     2
   Cast: Foxfire           |     6 |     4 |     5 ||    15
         Flame Wave        |       |     6 |       ||     6
         Inner Flame       |       |     3 |     1 ||     4
         Scorch            |       |    10 |    28 ||    38
Ability: Evoke Invisibilit |       |     5 |       ||     5
    Use: Potion            |     1 |       |       ||     1
  Dodge: Dodged            |     7 |     4 |     3 ||    14

Table legend: (Time is in decaauts)
 A = Elapsed time spent in this place.
 B = Non-inter-level travel time spent in this place.
 C = Inter-level travel time spent in this place.
 D = Time resting spent in this place.
 E = Time spent auto-exploring this place.
 F = Levels seen in this place.
 G = Mean time per level.
                   A        B        C        D        E       F      G
               +--------+--------+--------+--------+--------+-----+--------+
         Total |   1294 |   1294 |      0 |   1001 |      0 |   1 | 1294.0 |
       Dungeon |   1294 |   1294 |      0 |   1001 |      0 |   1 | 1294.0 |
               +--------+--------+--------+--------+--------+-----+--------+

Top non-repeatable levels by time:
       D: 1294 daAuts
